 Dungeon Crawl Stone Soup version 0.25-a0-413-g3b4b6a4ccc (webtiles) character file.

Game seed: 14955451427349201240, levelgen mode: deterministic

53 pk666 the Magician (level 3, -4/19 HPs)
             Began as a Deep Elf Wizard on Jan 16, 2020.
             Killed from afar by an orc wizard (13 damage)
             ... with a puff of frost
             ... on level 2 of the Dungeon.
             The game lasted 00:03:21 (1809 turns).

pk666 the Magician (Deep Elf Wizard)                Turns: 1809, Time: 00:03:23

Health: -4/19      AC:  2    Str:  4    XL:     3   Next: 64%
Magic:  5/11       EV: 13    Int: 23    God:
Gold:   28         SH:  0    Dex: 13    Spells: 1/12 levels left

rFire    . . .     SeeInvis .   (no weapon)
rCold    . . .     Gourm    .   (no shield)
rNeg     . . .     Faith    .   a - +0 robe
rPois    .         Spirit   .   b - +0 hat
rElec    .         Reflect  .   (no cloak)
rCorr    .         Harm     .   (no gloves)
MR       .....                  (no boots)
Stlth    ++........             (no amulet)
HPRegen  0.06/turn              (no ring)
MPRegen  0.12/turn              (no ring)

@: very slightly contaminated
A: no striking features
a: no special abilities


You were on level 2 of the Dungeon.
You were hungry.

You visited 1 branch of the dungeon, and saw 2 of its levels.

You collected 28 gold pieces.

Inventory:

Armour
 a - a +0 robe (worn)
 b - a +0 hat (worn)
Scrolls
 c - a scroll of immolation {unknown}
 e - a scroll of magic mapping {unknown}
 f - a scroll of remove curse {unknown}
 g - a scroll of identify {unknown}
 h - a scroll of noise {unknown}
 i - a scroll of fog {unknown}
 k - a scroll of amnesia {unknown}
Potions
 j - 2 potions of curing {unknown}
Comestibles
 d - 10 rations


   Skills:
 - Level 3.1 Dodging
 - Level 2.4 Stealth
 + Level 5.0 Spellcasting
 + Level 2.2 Conjurations
 + Level 1.3 Summonings
 - Level 1.1 Translocations
 + Level 0.3 Fire Magic
 + Level 0.5 Air Magic
 + Level 0.4 Poison Magic


You had one spell level left.
You knew the following spells:

 Your Spells              Type           Power        Failure   Level  Hunger
a - Magic Dart            Conj           ###.         3%          1    None
b - Blink                 Tloc           N/A          9%          2    None
c - Conjure Flame         Conj/Fire      ##......     16%         3    ##.....
d - Mephitic Cloud        Conj/Pois/Air  ##......     19%         3    ##.....
e - Call Imp              Summ           ##......     9%          2    None

Your spell library contained the following spells:

 Spells                   Type           Power        Failure   Level  Hunger
 Slow                     Hex            #.......     14%         2    None


Dungeon Overview and Level Annotations

Branches:
Dungeon (2/15)

Altars:

Annotations:
D:2 Sigmund


Message History

The puff of flame hits your white imp.
Your white imp is burned terribly!
Your white imp dies!
The orc priest is engulfed in noxious fumes.
The orc priest appears confused.
The orc priest is engulfed in noxious fumes.
The orc priest appears confused.
Casting: Magic Dart (safe; 3% risk of failure)
Confirm with . or Enter, or press ? or * to list all spells.
Aiming: Magic Dart (safe; 3% risk of failure)
Press: ? - help, Shift-Dir - straight line, f/p - orc priest
Aim: an orc priest, wielding a +0 whip and wearing a +0 leather armour (heavily wounded, confused)
You miscast Magic Dart.
You are very lightly contaminated with residual magic.
Nothing appears to happen.
The orc wizard shouts!
The orc wizard casts a spell at you. The puff of frost hits you!
Ouch! That really hurt!
You die...

#.......########.....
##5###### .... .#####
#.# .......
#o######.....†.
#..............
#####o.........#####
#..........o.....
#####.o...##.# .....
#...@.....# .....
#.###.....# ..... #.#
#.....# ..... #.#
#....## ..... #.#
#...... ##### #.#
######## #.# ######
#.##### #....#
#.#.†.#


You could see an orc priest (confused) and an orc wizard.

Vanquished Creatures
  An ooze (D:1)
  A worm (D:2)
  A dart slug (D:1)
  2 leopard geckos (D:1)
  A giant cockroach (D:1)
  9 goblins
  4 hobgoblins
  2 quokkas (D:2)
  A ball python (D:1)
  5 bats (D:1)
  3 frilled lizards
  2 kobolds (D:1)
  10 rats
42 creatures vanquished.

Notes
Turn   | Place    | Note
-------+----------+-------------------------------------------
     0 | D:1      | pk666 the Deep Elf Wizard began the quest for the Orb.
     0 | D:1      | Reached XP level 1. HP: 10/10 MP: 7/7
   142 | D:1      | Reached XP level 2. HP: 13/15 MP: 3/9
   680 | D:1      | Reached XP level 3. HP: 19/19 MP: 7/11
   951 | D:1      | Learned a level 2 spell: Blink
   955 | D:1      | Learned a level 3 spell: Conjure Flame
   959 | D:1      | Learned a level 3 spell: Mephitic Cloud
   962 | D:1      | Learned a level 2 spell: Call Imp
  1025 | D:2      | Reached skill level 5 in Spellcasting
  1409 | D:2      | Noticed Sigmund
  1809 | D:2      | Killed from afar by an orc wizard

Levels and vault maps discovered:
D:1:      mrwooster_arrival_statue_3, layout_basic
D:2:      layout_basic, uniq_sigmund

Skill      XL: |  1  2  3 |
---------------+----------+-----
Dodging        | 3 |  3.1
Conjurations   | 2 |  2.2
Spellcasting   | 5 |  5.0
Stealth        | |  2.4
Summonings     | |  1.3
Translocations | |  1.1
Fire Magic     | |  0.3
Air Magic      | |  0.5
Poison Magic   | |  0.4

Action                   || total
-------------------------++-------
Melee: Unarmed           ||     1
 Cast: Magic Dart        ||    86
       Mephitic Cloud    ||     3
       Call Imp          ||     2
  Eat: Chunk             ||     2
Armor: Robe              ||     1
Dodge: Dodged            ||    11

Table legend:
 A = Non-vault XP
 B = Vault XP
 C = Vault XP percentage of total XP
 D = Non-vault monster count
 E = Vault monster count
 F = Vault count percentage of total count
                 A         B        C        D         E       F
            +---------+---------+-------+---------+---------+-------
      Total |      77 |       0 |   0.0 |      42 |       0 |   0.0
            +---------+---------+-------+---------+---------+-------
        D:1 |      43 |       0 |   0.0 |      23 |       0 |   0.0
        D:2 |      34 |       0 |   0.0 |      19 |       0 |   0.0
            +---------+---------+-------+---------+---------+-------
